General information
- name: BNet
- type: Ladder team game (AT/RT)
- host: Battle.net
- saver: lllove
map: Deadlock
- players: 8
- length: 28:10
- speed: Fast
- version: 1.26 W3XP
- replay type: Public
» download(209 KB)
Players
team 1 (winner)
LEZB0_ACT10N- (
purple | 71 APM | 2000 actions | 28:10)
5 Keeper of the Grove
3 Entangling Roots
2 Thorns Aura
5 Naga Sea Witch
2 Frost Arrows
3 Forked Lightning
» actions
| Assign group hotkey | 26 | |
| Basic commands | 84 | |
| Build / train | 77 | |
| Enter build submenu | 25 | |
| Enter hero's abilities submenu | 10 | |
| Give item / drop item | 2 | |
| Right click | 610 | |
| Select / deselect | 432 | |
| Select group hotkey | 674 | |
| Use ability | 60 | |
2000 total
» units
| Wisp | 25 | |
| Huntress | 4 | |
| Dryad | 12 | |
| Mountain Giant | 5 | |
46 total
» upgrades
| Strength of the Wild | 3 | |
| Reinforced Hides | 3 | |
| Abolish Magic | 1 | |
| Hardened Skin | 1 | |
| Resistant Skin | 1 | |
9 total
» buildings
| Altar of Elders | 1 | |
| Moon Well | 8 | |
| Hunter's Hall | 1 | |
| Ancient of War | 1 | |
| Ancient Protector | 6 | |
| Tree of Ages | 2 | |
| Ancient of Wonders | 1 | |
| Tree of Life | 2 | |
| Ancient of Lore | 2 | |
| Tree of Eternity | 2 | |
26 total
» build order
00:21 Altar of Elders
00:37 Moon Well
01:23 Moon Well
02:00 Hunter's Hall
02:17 Ancient of War
03:09 Ancient Protector
03:53 Tree of Ages
04:07 Moon Well
04:12 Ancient Protector
05:04 Ancient of Wonders
05:26 Tree of Life
06:21 Ancient of Lore
06:25 Ancient of Lore
07:31 Moon Well
10:30 Ancient Protector
10:38 Ancient Protector
10:49 Ancient Protector
11:15 Ancient Protector
11:59 Moon Well
13:41 Tree of Eternity
14:59 Tree of Life
15:12 Moon Well
17:01 Moon Well
18:14 Tree of Ages
22:01 Tree of Eternity
22:50 Moon Well
» items
| Scroll of Town Portal | 1 | |
| Dust of Appearance | 2 | |
| Scroll of Healing | 2 | |
| Staff of Teleportation | 1 | |
6 total
Viper6 (
yellow | 46 APM | 1298 actions | 28:09)
6 Tauren Chieftain
3 Endurance Aura
2 War Stomp
1 Reincarnation
1 Blademaster
1 Wind Walk
» actions
| Assign group hotkey | 1 | |
| Basic commands | 7 | |
| Build / train | 64 | |
| Enter build submenu | 19 | |
| Enter hero's abilities submenu | 7 | |
| Remove unit from queue | 1 | |
| Right click | 688 | |
| Select / deselect | 450 | |
| Select group hotkey | 2 | |
| Use ability | 59 | |
1298 total
» units
| Peon | 7 | |
| Troll Headhunter/Berserker | 22 | |
| Demolisher | 3 | |
32 total
» upgrades
| Armor | 3 | |
| Ranged Weapons | 3 | |
| Troll Regeneration | 1 | |
| Berserker Upgrade | 1 | |
| Reinforced Defenses | 1 | |
| Spiked Barricades | 1 | |
| Burning Oil | 1 | |
11 total
» buildings
| Altar of Storms | 1 | |
| Orc Burrow | 13 | |
| War Mill | 1 | |
| Barracks | 2 | |
| Voodoo Lounge | 1 | |
| Stronghold | 1 | |
| Fortress | 1 | |
| Great Hall | 1 | |
21 total
» build order
00:31 Altar of Storms
00:32 Orc Burrow
01:09 War Mill
01:26 Barracks
01:46 Orc Burrow
01:52 Orc Burrow
02:21 Barracks
02:52 Voodoo Lounge
03:43 Stronghold
05:09 Orc Burrow
05:13 Orc Burrow
06:12 Fortress
08:21 Orc Burrow
08:23 Orc Burrow
13:25 Orc Burrow
13:28 Orc Burrow
13:32 Orc Burrow
13:35 Orc Burrow
22:03 Orc Burrow
22:06 Orc Burrow
25:47 Great Hall
» items
| Healing Salve | 2 | |
| Scroll of Town Portal | 4 | |
| Orb of Lightning | 1 | |
| Potion of Healing | 2 | |
9 total
lllove (
blue | 61 APM | 1715 actions | 28:10)
9 Blood Mage
3 Flame Strike
3 Siphon Mana
1 Summon Phoenix
2 Banish
» actions
| Assign group hotkey | 35 | |
| Basic commands | 31 | |
| Build / train | 63 | |
| Enter build submenu | 30 | |
| Enter hero's abilities submenu | 9 | |
| Remove unit from queue | 2 | |
| Right click | 930 | |
| Select / deselect | 259 | |
| Select group hotkey | 255 | |
| Use ability | 101 | |
1715 total
» units
| Peasant | 12 | |
| Footman | 4 | |
| Sorceress | 5 | |
21 total
» upgrades
| Lumber Harvesting | 2 | |
| Masonry | 3 | |
| Sorceress Training | 1 | |
| Magic Sentry | 1 | |
7 total
» buildings
| Altar of Kings | 1 | |
| Barracks | 1 | |
| Farm | 4 | |
| Scout Tower | 14 | |
| Arcane Tower | 2 | |
| Lumber Mill | 2 | |
| Keep | 1 | |
| Arcane Vault | 1 | |
| Guard Tower | 3 | |
| Town Hall | 1 | |
| Castle | 1 | |
| Arcane Sanctum | 1 | |
32 total
» build order
00:48 Altar of Kings
00:50 Barracks
00:51 Farm
00:53 Farm
01:12 Farm
01:42 Farm
02:22 Scout Tower
03:08 Arcane Tower
03:10 Lumber Mill
04:18 Keep
04:37 Scout Tower
04:37 Scout Tower
04:40 Lumber Mill
04:53 Scout Tower
04:53 Scout Tower
04:54 Scout Tower
04:57 Scout Tower
05:10 Arcane Vault
05:56 Guard Tower
07:22 Town Hall
07:46 Arcane Tower
08:01 Guard Tower
08:57 Castle
09:02 Arcane Sanctum
10:11 Scout Tower
10:11 Scout Tower
11:58 Guard Tower
15:10 Scout Tower
15:12 Scout Tower
» items
| Staff of Teleportation | 1 | |
| Boots of Speed | 1 | |
| Potion of Invisibility | 3 | |
| Potion of Healing | 1 | |
| Scroll of Regeneration | 3 | |
| Potion of Mana | 3 | |
| Lesser Clarity Potion | 2 | |
| Scroll of Town Portal | 2 | |
16 total
bright_star (
teal | 57 APM | 1599 actions | 28:09)
5 Blademaster
3 Wind Walk
2 Critical Strike
» actions
| Assign group hotkey | 12 | |
| Build / train | 67 | |
| Enter build submenu | 18 | |
| Enter hero's abilities submenu | 5 | |
| Give item / drop item | 19 | |
| Right click | 614 | |
| Select / deselect | 180 | |
| Select group hotkey | 553 | |
| Use ability | 131 | |
1599 total
» units
» upgrades
| Ranged Weapons | 3 | |
| Liquid Fire | 1 | |
| Reinforced Defenses | 1 | |
| Armor | 2 | |
7 total
» buildings
| Altar of Storms | 1 | |
| Orc Burrow | 4 | |
| Voodoo Lounge | 1 | |
| War Mill | 1 | |
| Stronghold | 1 | |
| Watch Tower | 9 | |
| Fortress | 1 | |
| Beastiary | 4 | |
| Great Hall | 1 | |
23 total
» build order
00:07 Altar of Storms
00:13 Orc Burrow
00:54 Voodoo Lounge
01:13 War Mill
01:37 Orc Burrow
02:46 Stronghold
05:07 Watch Tower
05:09 Watch Tower
05:37 Fortress
05:39 Beastiary
05:43 Beastiary
05:57 Beastiary
08:10 Orc Burrow
13:13 Orc Burrow
13:15 Watch Tower
13:16 Watch Tower
16:31 Beastiary
22:24 Great Hall
22:26 Watch Tower
22:27 Watch Tower
22:28 Watch Tower
22:28 Watch Tower
22:29 Watch Tower
» items
| Healing Salve | 6 | |
| Lesser Clarity Potion | 10 | |
| Circlet of Nobility | 6 | |
| Boots of Speed | 1 | |
| Orb of Lightning | 1 | |
| Potion of Healing | 3 | |
27 total
team 2 (loser)

»
fkbnet (
red | 67 APM | 1432 actions | 21:29)
3 Far Seer
2 Feral Spirit
1 Chain Lighting
2 Beastmaster
1 Summon Quilbeast
1 Summon Hawk
» actions
| Assign group hotkey | 90 | |
| Basic commands | 28 | |
| Build / train | 61 | |
| Enter build submenu | 17 | |
| Enter hero's abilities submenu | 5 | |
| Right click | 663 | |
| Select / deselect | 324 | |
| Select group hotkey | 130 | |
| Use ability | 114 | |
1432 total
» units
| Peon | 22 | |
| Grunt | 3 | |
| Spirit Walker | 2 | |
| Raider | 5 | |
| Troll Batrider | 7 | |
39 total
» upgrades
| Spirit Walker Training | 1 | |
| Ensnare | 1 | |
| Pillage | 1 | |
3 total
» buildings
| Altar of Storms | 1 | |
| Orc Burrow | 6 | |
| Barracks | 1 | |
| Voodoo Lounge | 1 | |
| Stronghold | 1 | |
| War Mill | 1 | |
| Spirit Lodge | 1 | |
| Beastiary | 1 | |
| Watch Tower | 9 | |
22 total
» build order
00:19 Altar of Storms
00:38 Orc Burrow
00:52 Barracks
01:47 Voodoo Lounge
02:50 Stronghold
02:53 Orc Burrow
02:58 War Mill
03:59 Orc Burrow
04:01 Orc Burrow
05:38 Spirit Lodge
05:42 Beastiary
09:17 Watch Tower
11:25 Watch Tower
11:26 Watch Tower
11:27 Watch Tower
12:52 Watch Tower
12:53 Watch Tower
12:54 Watch Tower
13:01 Orc Burrow
13:33 Orc Burrow
14:13 Watch Tower
15:29 Watch Tower
» items
| Healing Salve | 3 | |
| Scroll of Speed | 2 | |
| Lesser Clarity Potion | 4 | |
| Scroll of Town Portal | 1 | |
10 total

»
weatherman (
pink | 98 APM | 2084 actions | 21:20)
2 Blood Mage
1 Flame Strike
1 Siphon Mana
» actions
| Assign group hotkey | 40 | |
| Basic commands | 14 | |
| Build / train | 71 | |
| Enter build submenu | 23 | |
| Enter hero's abilities submenu | 2 | |
| Remove unit from queue | 3 | |
| Right click | 992 | |
| Select / deselect | 348 | |
| Select group hotkey | 496 | |
| Use ability | 95 | |
2084 total
» units
| Peasant | 8 | |
| Mortar Team | 10 | |
| Sorceress | 4 | |
| Gryphon Rider | 1 | |
| Priest | 1 | |
24 total
» upgrades
| Masonry | 2 | |
| Lumber Harvesting | 1 | |
| Gunpowder | 2 | |
| Sorceress Training | 1 | |
| Flare | 1 | |
| Magic Sentry | 1 | |
| Fragmentation Shards | 1 | |
9 total
» buildings
| Altar of Kings | 1 | |
| Farm | 8 | |
| Arcane Vault | 1 | |
| Lumber Mill | 1 | |
| Keep | 2 | |
| Scout Tower | 5 | |
| Guard Tower | 9 | |
| Blacksmith | 1 | |
| Arcane Sanctum | 1 | |
| Workshop | 2 | |
| Arcane Tower | 1 | |
| Castle | 3 | |
| Gryphon Aviary | 1 | |
| Town Hall | 1 | |
37 total
» build order
00:10 Altar of Kings
00:22 Farm
00:59 Arcane Vault
01:42 Lumber Mill
02:45 Keep
02:46 Keep
02:53 Scout Tower
02:57 Scout Tower
03:32 Guard Tower
03:49 Guard Tower
03:49 Guard Tower
03:50 Guard Tower
03:59 Blacksmith
04:31 Scout Tower
05:08 Arcane Sanctum
05:14 Workshop
05:18 Workshop
05:41 Guard Tower
05:42 Guard Tower
06:18 Farm
06:20 Farm
07:16 Farm
07:52 Farm
08:36 Farm
09:55 Scout Tower
10:48 Arcane Tower
14:02 Castle
14:02 Castle
14:09 Farm
14:13 Scout Tower
14:52 Guard Tower
14:52 Guard Tower
14:53 Guard Tower
14:58 Gryphon Aviary
16:00 Farm
20:01 Town Hall
» items
| Lesser Clarity Potion | 2 | |
| Scroll of Regeneration | 5 | |
| Scroll of Town Portal | 5 | |
| Potion of Healing | 1 | |
| Healing Salve | 1 | |
14 total
CRYINGbabies (
green | 231 APM | 6506 actions | 28:08)
3 Death Knight
2 Death Coil
1 Unholy Aura
» actions
| Assign group hotkey | 18 | |
| Basic commands | 22 | |
| Build / train | 158 | |
| Enter build submenu | 58 | |
| Enter hero's abilities submenu | 3 | |
| Give item / drop item | 1 | |
| Remove unit from queue | 1 | |
| Right click | 870 | |
| Select / deselect | 417 | |
| Select group hotkey | 62 | |
| Use ability | 4896 | |
6506 total
» units
| Acolyte | 2 | |
| Ghoul | 6 | |
| Crypt Fiend | 6 | |
| Necromancer | 6 | |
| Meatwagon | 2 | |
| Peasant | 14 | |
| Wind Rider | 7 | |
| Gargoyle | 2 | |
45 total
» upgrades
| Burrow | 1 | |
| Web | 1 | |
| Creature Carapace | 2 | |
| Creature Attack | 2 | |
| Exhume Corpses | 1 | |
| Necromancer Training | 1 | |
| Skeletal Longevity | 1 | |
| Spiked Barricades | 1 | |
| Masonry | 1 | |
11 total
» buildings
| Ziggurat | 7 | |
| Altar of Darkness | 1 | |
| Crypt | 2 | |
| Graveyard | 1 | |
| Nerubian Tower | 13 | |
| Tomb of Relics | 1 | |
| Spirit Tower | 11 | |
| Halls of the Dead | 1 | |
| Temple of the Damned | 2 | |
| Slaughterhouse | 1 | |
| Scout Tower | 25 | |
| Guard Tower | 24 | |
| Watch Tower | 13 | |
| Cannon Tower | 9 | |
| Great Hall | 1 | |
112 total
» build order
00:31 Ziggurat
00:34 Altar of Darkness
00:41 Crypt
01:03 Graveyard
01:25 Nerubian Tower
01:25 Nerubian Tower
01:25 Nerubian Tower
01:25 Nerubian Tower
01:39 Ziggurat
01:48 Tomb of Relics
02:36 Nerubian Tower
02:36 Nerubian Tower
02:37 Nerubian Tower
02:52 Ziggurat
03:49 Spirit Tower
03:49 Spirit Tower
03:49 Spirit Tower
03:49 Spirit Tower
03:58 Crypt
05:08 Halls of the Dead
06:44 Ziggurat
07:45 Spirit Tower
07:48 Ziggurat
07:54 Ziggurat
10:45 Spirit Tower
10:56 Spirit Tower
10:57 Spirit Tower
13:36 Temple of the Damned
13:41 Temple of the Damned
13:44 Slaughterhouse
13:53 Ziggurat
21:28 Scout Tower
21:29 Scout Tower
22:05 Guard Tower
22:07 Scout Tower
22:08 Scout Tower
22:13 Scout Tower
22:25 Scout Tower
22:29 Scout Tower
22:30 Scout Tower
22:35 Scout Tower
22:53 Watch Tower
22:56 Watch Tower
22:58 Watch Tower
23:00 Guard Tower
23:00 Guard Tower
23:04 Scout Tower
23:06 Scout Tower
23:09 Scout Tower
23:10 Guard Tower
23:13 Scout Tower
23:16 Scout Tower
23:18 Scout Tower
23:24 Scout Tower
23:27 Scout Tower
23:35 Guard Tower
23:35 Guard Tower
23:36 Guard Tower
23:36 Guard Tower
23:41 Guard Tower
23:41 Guard Tower
23:44 Guard Tower
23:44 Guard Tower
23:46 Cannon Tower
23:46 Cannon Tower
23:49 Scout Tower
23:50 Scout Tower
23:53 Scout Tower
23:55 Scout Tower
23:58 Scout Tower
24:01 Watch Tower
24:09 Watch Tower
24:10 Watch Tower
24:13 Watch Tower
24:16 Watch Tower
24:19 Watch Tower
24:21 Cannon Tower
24:21 Cannon Tower
24:21 Cannon Tower
24:27 Cannon Tower
24:27 Cannon Tower
24:58 Guard Tower
24:58 Guard Tower
24:58 Guard Tower
24:58 Guard Tower
25:03 Scout Tower
25:06 Scout Tower
25:13 Scout Tower
25:31 Watch Tower
25:34 Watch Tower
25:36 Watch Tower
25:42 Guard Tower
25:42 Guard Tower
25:42 Guard Tower
25:59 Great Hall
26:04 Watch Tower
» items
| Dust of Appearance | 3 | |
| Rod of Necromancy | 4 | |
| Scroll of Town Portal | 4 | |
| Potion of Healing | 3 | |
14 total

»
MyLittlePwny504 (
orange | 50 APM | 1056 actions | 21:09)
3 Archmage
1 Summon Water Elemental
2 Brilliance Aura
2 Paladin
1 Holy Light
1 Divine Shield
» actions
| Assign group hotkey | 24 | |
| Basic commands | 30 | |
| Build / train | 69 | |
| ESC pressed | 5 | |
| Enter build submenu | 40 | |
| Enter hero's abilities submenu | 5 | |
| Give item / drop item | 3 | |
| Right click | 478 | |
| Select / deselect | 219 | |
| Select group hotkey | 106 | |
| Use ability | 77 | |
1056 total
» units
| Peasant | 15 | |
| Footman | 9 | |
| Knight | 5 | |
| Gryphon Rider | 3 | |
32 total
» upgrades
| Defend | 1 | |
| Swords | 1 | |
| Masonry | 2 | |
| Armor | 1 | |
| Lumber Harvesting | 1 | |
6 total
» buildings
| Altar of Kings | 1 | |
| Farm | 7 | |
| Barracks | 1 | |
| Scout Tower | 13 | |
| Arcane Vault | 1 | |
| Arcane Tower | 1 | |
| Town Hall | 2 | |
| Lumber Mill | 1 | |
| Keep | 1 | |
| Castle | 1 | |
| Blacksmith | 1 | |
| Guard Tower | 9 | |
| Gryphon Aviary | 3 | |
42 total
» build order
00:54 Altar of Kings
00:56 Farm
01:33 Farm
01:58 Barracks
02:25 Farm
02:38 Scout Tower
02:44 Scout Tower
03:00 Scout Tower
03:24 Arcane Vault
03:36 Arcane Tower
03:39 Scout Tower
05:17 Town Hall
05:28 Lumber Mill
05:38 Farm
07:03 Farm
07:30 Keep
09:56 Castle
10:02 Blacksmith
11:05 Guard Tower
11:24 Guard Tower
11:44 Town Hall
11:48 Farm
12:17 Guard Tower
13:09 Farm
13:21 Gryphon Aviary
13:23 Gryphon Aviary
13:26 Gryphon Aviary
13:48 Scout Tower
14:22 Guard Tower
14:24 Scout Tower
14:43 Scout Tower
14:45 Scout Tower
14:48 Scout Tower
15:12 Guard Tower
16:43 Scout Tower
16:44 Scout Tower
16:46 Guard Tower
17:31 Scout Tower
17:34 Scout Tower
17:52 Guard Tower
19:02 Guard Tower
19:51 Guard Tower
» items
| Scroll of Regeneration | 3 | |
| Scroll of Town Portal | 2 | |
| Ivory Tower | 4 | |
| Orb of Fire | 1 | |
| Potion of Healing | 1 | |
| Lesser Clarity Potion | 1 | |
12 total
Chat log
(00:10 / Allies) LEZB0_ACT10N-: sup
(00:14 / Allies) Viper6: tc hh here
(00:17 / Allies) bright_star: yo
(05:29 / Allies) Viper6: ty teal
(05:32 / Allies) bright_star: np
(08:23 / Allies) lllove: lumber?
(09:27 / Allies) Viper6: someone come here
(09:28 / Allies) Viper6: with dust
(09:28 / Allies) Viper6: now
(11:37 / Allies) Viper6: gren is in my base
(11:53 / Allies) bright_star: attack bro1
(11:55 / Allies) Viper6: i have 7 fiends
(11:58 / Allies) Viper6: burrowed in my base
(12:04 / Allies) bright_star: buy dust leave hh
(12:38 / Allies) Viper6: purp hand me dust
(12:45 / Allies) Viper6: purp
(12:55 / Allies) Viper6: purp
(13:01 / Allies) bright_star: fuck bro..
(13:12 / Allies) Viper6: like you gotta be shitting me
(13:16 / Allies) Viper6: i asked for 1 thing...
(13:23 / Allies) LEZB0_ACT10N-: yellow
(13:29 / Allies) LEZB0_ACT10N-: ive played this game for 15 years
(13:34 / Allies) LEZB0_ACT10N-: ive never had anyone ask me that
(14:04 / Allies) bright_star: mine gold
(14:22 / Allies) lllove: wait teal
(14:24 / Allies) lllove: I tank
(14:44 / Allies) bright_star: bout to rage quit this bitch
(14:57 / Allies) bright_star: KILL THEIR UNITS
(15:05 / Allies) bright_star: SAVE YOUR OWN
(15:29 / Allies) bright_star: kil archmage
(15:38 / All) lllove: fuck you red
(15:43 / All) lllove: you suck ass
(15:46 / All) lllove: lucky ass ensnares
(15:53 / Allies) bright_star: aTTACK MAIN
(16:15 / Allies) bright_star: yellow 5 on mine bro
(16:17 / Allies) bright_star: at all times
(17:18 / Allies) bright_star: yellow oj main
(17:21 / Allies) bright_star: ya
(17:25 / Allies) bright_star: hit main
(18:01 / Allies) bright_star: nice
(18:04 / Allies) lllove: yellow why you attack there
(18:06 / Allies) LEZB0_ACT10N-: go to yellow
(19:20 / Allies) LEZB0_ACT10N-: ye;;pow back
(19:38 / Allies) bright_star: going to you yellow
(19:41 / Allies) bright_star: hold
(19:50 / Allies) bright_star: hold
(21:17 / Allies) Viper6: apologies for sucking lmao
(21:22 / Allies) Viper6: im not really this bad, just drunk af rn
(21:41 / Allies) bright_star: its ok we shit it out
(22:24 / All) LEZB0_ACT10N-: gg
(25:13 / All) lllove: this pathfinding is terrible
(25:26 / Allies) Viper6: ugh.
(25:36 / Allies) Viper6: im sending demos over ther
(26:45 / Allies) Viper6: teal
(26:53 / Allies) Viper6: go around w bats
(27:10 / Allies) bright_star: attack ground
(27:25 / Allies) Viper6: nvm
(27:27 / Allies) Viper6: theyre everywhere lol